[ AOE2 MATCH · #505648932 ]
UnrankedAztecs vs Mongols
Player's team · WIN
Rival team · LOSS
[ REPLAY ANALYSIS · EXTRACTED FROM THE RECORDED GAME ]
Feudal
11:12
Castle
20:36
Imperial
—
| APM avg | 60.2 |
| APM peak | 96 |
| eAPM avg | 23.0 |
| Villagers / military | 51 / 29 |
Focus
⚔️ 36.0% · 🌾 64.0%
Archer ×23 · Militia ×4 · Eagle Scout ×2
Feudal
10:10
Castle
18:50
Imperial
—
| APM avg | 59.3 |
| APM peak | 156 |
| eAPM avg | 18.2 |
| Villagers / military | 51 / 15 |
Focus
⚔️ 24.1% · 🌾 75.9%
Steppe Lancer ×12 · Mangonel ×2 · Scout Cavalry ×1
Match map
Initial resources + every placement click. Lines = walls · curves = elevation contours. ◆ gold · ⬟ stone · ● berries · ✦ relic · ◌ wall gap
Your base· ✓ Closed at 20:36 · 19t walls · 1 gate(s)
NeoPlex_cz's base· Open — 3t gap
Smoothed initial terrain · ◌ = detected wall gap · hover for details
Inputs per minute
— I believe I can fly - - NeoPlex_cz
Build order — I believe I can fly
First 150 of 151 actions detected
| 0:00 | Create | Villager (Male) |
| 0:01 | Create | Villager (Male) |
| 0:02 | Build | House |
| 0:03 | Build | House |
| 0:16 | Create | Villager (Male) |
| 0:16 | Create | Villager (Male) |
| 1:23 | Create | Villager (Male) |
| 1:38 | Build | Lumber Camp |
| 1:58 | Create | Villager (Male) |
| 2:28 | Create | Villager (Male) |
| 2:56 | Create | Villager (Male) |
| 3:15 | Create | Villager (Male) |
| 3:15 | Create | Villager (Male) |
| 3:46 | Create | Villager (Male) |
| 3:46 | Create | Villager (Male) |
| 3:56 | Build | House |
| 4:01 | Create | Villager (Male) |
| 4:01 | Create | Villager (Male) |
| 4:19 | Build | Barracks |
| 4:29 | Create | Villager (Male) |
| 4:58 | Create | Villager (Male) |
| 5:06 | Build | House |
| 5:10 | Create | Militia |
| 5:21 | Create | Villager (Male) |
| 5:36 | Create | Militia |
| 5:55 | Build | Mill |
| 6:01 | Create | Villager (Male) |
| 6:01 | Create | Villager (Male) |
| 6:24 | Create | Villager (Male) |
| 6:24 | Create | Villager (Male) |
| 6:24 | Create | Villager (Male) |
| 6:47 | Create | Villager (Male) |
| 7:07 | Build | Mill |
| 7:13 | Create | Villager (Male) |
| 7:43 | Research | Loom |
| 7:46 | Build | House |
| 8:23 | Build | Palisade Wall |
| 8:26 | Build | Palisade Wall |
| 8:31 | Create | Villager (Male) |
| 9:02 | Research | Feudal Age |
| 9:02 | Research | Feudal Age |
| 9:23 | Build | Mining Camp |
| 9:48 | Create | Militia |
| 10:08 | Create | Militia |
| 10:15 | Build | House |
| 11:01 | Build | Palisade Wall |
| 11:09 | Create | Villager (Male) |
| 11:12 | Age | Feudal Age |
| 11:16 | Build | Archery Range |
| 11:19 | Research | Man-at-Arms (upgrade) |
| 11:20 | Research | Double-Bit Axe |
| 11:34 | Create | Villager (Male) |
| 11:45 | Build | Farm |
| 11:55 | Create | Villager (Male) |
| 12:02 | Create | Archer |
| 12:05 | Build | Blacksmith |
| 12:27 | Build | Farm |
| 12:27 | Create | Villager (Male) |
| 12:33 | Build | House |
| 12:35 | Create | Archer |
| 12:51 | Build | Farm |
| 12:51 | Create | Villager (Male) |
| 12:59 | Create | Archer |
| 13:10 | Build | Farm |
| 13:13 | Create | Villager (Male) |
| 13:20 | Research | Fletching |
| 13:20 | Research | Fletching |
| 13:33 | Build | Farm |
| 13:36 | Build | House |
| 13:37 | Build | House |
| 13:41 | Create | Villager (Male) |
| 13:45 | Create | Archer |
| 13:51 | Build | Farm |
| 14:14 | Build | Farm |
| 14:15 | Create | Archer |
| 14:19 | Create | Villager (Male) |
| 14:33 | Create | Archer |
| 14:44 | Create | Villager (Male) |
| 15:04 | Build | Farm |
| 15:08 | Create | Villager (Male) |
| 15:28 | Build | Farm |
| 15:32 | Create | Archer |
| 15:40 | Build | Market |
| 15:43 | Build | House |
| 15:44 | Create | Villager (Male) |
| 15:51 | Create | Archer |
| 15:54 | Build | Farm |
| 15:56 | Create | Villager (Male) |
| 16:06 | Build | Palisade Wall |
| 16:09 | Build | House |
| 16:18 | Build | Palisade Gate |
| 16:25 | Create | Villager (Male) |
| 16:32 | Build | Farm |
| 17:19 | Create | Villager (Male) |
| 17:21 | Build | House |
| 17:23 | Build | Lumber Camp |
| 17:33 | Build | House |
| 17:53 | Build | Farm |
| 17:56 | Research | Castle Age |
| 17:57 | Research | Castle Age |
| 18:28 | Build | House |
| 18:29 | Create | Archer |
| 18:32 | Build | Archery Range |
| 18:36 | Build | House |
| 18:42 | Research | Gold Mining |
| 18:50 | Create | Archer |
| 19:17 | Research | Padded Archer Armor |
| 19:22 | Create | Archer |
| 19:57 | Build | Farm |
| 19:59 | Build | Farm |
| 20:00 | Create | Archer |
| 20:03 | Create | Villager (Male) |
| 20:20 | Research | Horse Collar |
| 20:27 | Create | Archer |
| 20:36 | Age | Castle Age |
| 20:37 | Research | Crossbowman (upgrade) |
| 20:37 | Research | Crossbowman (upgrade) |
| 20:42 | Build | Farm |
| 20:45 | Build | Town Center |
| 20:49 | Research | Bodkin Arrow |
| 20:49 | Research | Bodkin Arrow |
| 21:03 | Create | Archer |
| 21:05 | Create | Villager (Male) |
| 21:05 | Create | Villager (Male) |
| 21:17 | Create | Archer |
| 21:25 | Create | Villager (Male) |
| 21:31 | Build | University |
| 21:40 | Create | Archer |
| 21:41 | Create | Villager (Male) |
| 22:08 | Create | Eagle Scout |
| 22:14 | Create | Villager (Male) |
| 22:21 | Create | Eagle Scout |
| 22:32 | Create | Villager (Male) |
| 22:43 | Create | Archer |
| 22:45 | Research | Ballistics |
| 23:00 | Build | House |
| 23:03 | Create | Villager (Male) |
| 23:03 | Create | Archer |
| 23:09 | Research | Leather Archer Armor |
| 23:12 | Create | Archer |
| 23:20 | Create | Archer |
| 23:22 | Create | Villager (Male) |
| 23:30 | Create | Villager (Male) |
| 24:01 | Create | Villager (Male) |
| 24:12 | Build | Town Center |
| 24:16 | Create | Archer |
| 24:17 | Create | Archer |
| 24:18 | Create | Villager (Male) |
| 24:30 | Create | Archer |
| 24:31 | Research | Wheelbarrow |
Build order — NeoPlex_cz
132 actions detected in the replay
| 0:01 | Create | Villager (Male) |
| 0:01 | Create | Villager (Male) |
| 0:01 | Create | Villager (Male) |
| 0:02 | Build | House |
| 0:03 | Build | House |
| 0:12 | Create | Villager (Male) |
| 0:12 | Create | Villager (Male) |
| 1:30 | Create | Villager (Male) |
| 1:30 | Create | Villager (Male) |
| 1:58 | Create | Villager (Male) |
| 1:59 | Create | Villager (Male) |
| 2:23 | Create | Villager (Male) |
| 2:23 | Create | Villager (Male) |
| 2:54 | Create | Villager (Male) |
| 3:04 | Build | Lumber Camp |
| 3:11 | Create | Villager (Male) |
| 3:11 | Create | Villager (Male) |
| 3:23 | Create | Villager (Male) |
| 4:05 | Create | Villager (Male) |
| 4:05 | Create | Villager (Male) |
| 4:30 | Create | Villager (Male) |
| 4:38 | Build | House |
| 4:54 | Create | Villager (Male) |
| 5:13 | Build | Mill |
| 5:21 | Create | Villager (Male) |
| 6:03 | Build | House |
| 6:05 | Build | Palisade Wall |
| 6:13 | Create | Villager (Male) |
| 6:16 | Create | Villager (Male) |
| 6:29 | Build | Palisade Wall |
| 6:32 | Build | Palisade Wall |
| 6:45 | Build | Palisade Wall |
| 6:58 | Build | Palisade Wall |
| 7:08 | Create | Villager (Male) |
| 7:11 | Create | Villager (Male) |
| 7:24 | Research | Loom |
| 7:33 | Build | House |
| 7:43 | Build | Palisade Wall |
| 8:00 | Research | Feudal Age |
| 8:00 | Research | Feudal Age |
| 8:24 | Build | House |
| 8:58 | Create | Villager (Male) |
| 9:05 | Build | Mill |
| 9:47 | Build | Farm |
| 9:56 | Build | Mining Camp |
| 10:10 | Age | Feudal Age |
| 10:10 | Build | Palisade Wall |
| 10:18 | Create | Villager (Male) |
| 10:43 | Create | Villager (Male) |
| 10:46 | Build | Farm |
| 10:52 | Create | Villager (Male) |
| 11:07 | Build | Farm |
| 11:23 | Build | House |
| 11:28 | Create | Villager (Male) |
| 11:35 | Build | Farm |
| 12:01 | Build | Barracks |
| 12:03 | Create | Villager (Male) |
| 12:11 | Build | Palisade Wall |
| 12:18 | Build | House |
| 12:25 | Build | Palisade Wall |
| 12:29 | Build | Palisade Wall |
| 12:36 | Create | Villager (Male) |
| 13:03 | Create | Villager (Male) |
| 13:25 | Create | Villager (Male) |
| 13:28 | Build | Stable |
| 13:38 | Build | House |
| 13:41 | Build | Palisade Wall |
| 13:48 | Create | Villager (Male) |
| 13:56 | Build | House |
| 14:00 | Create | Villager (Male) |
| 14:23 | Create | Villager (Male) |
| 14:35 | Build | Watch Tower |
| 14:41 | Build | House |
| 15:33 | Create | Villager (Male) |
| 15:35 | Build | Blacksmith |
| 15:42 | Build | House |
| 16:10 | Research | Castle Age |
| 16:10 | Research | Castle Age |
| 16:14 | Build | House |
| 16:16 | Build | House |
| 16:19 | Build | Palisade Wall |
| 16:38 | Build | Farm |
| 16:52 | Build | Farm |
| 16:54 | Build | Farm |
| 17:08 | Build | Farm |
| 17:31 | Build | Farm |
| 17:37 | Build | Farm |
| 17:59 | Create | Villager (Male) |
| 18:07 | Research | Bloodlines |
| 18:08 | Research | Bloodlines |
| 18:14 | Build | Farm |
| 18:34 | Build | Farm |
| 18:50 | Age | Castle Age |
| 18:53 | Create | Villager (Male) |
| 19:00 | Create | Steppe Lancer |
| 19:00 | Create | Steppe Lancer |
| 19:17 | Create | Villager (Male) |
| 19:23 | Build | Farm |
| 19:27 | Build | Farm |
| 19:30 | Build | Farm |
| 19:39 | Create | Steppe Lancer |
| 19:59 | Create | Steppe Lancer |
| 20:11 | Build | Farm |
| 20:18 | Create | Villager (Male) |
| 20:23 | Create | Villager (Male) |
| 20:26 | Build | Siege Workshop |
| 20:35 | Create | Steppe Lancer |
| 20:44 | Create | Villager (Male) |
| 21:07 | Create | Villager (Male) |
| 21:18 | Research | Double-Bit Axe |
| 21:18 | Research | Double-Bit Axe |
| 21:27 | Build | Farm |
| 21:28 | Create | Villager (Male) |
| 21:39 | Create | Scout Cavalry |
| 21:43 | Create | Steppe Lancer |
| 21:58 | Create | Mangonel |
| 22:06 | Create | Steppe Lancer |
| 22:10 | Create | Villager (Male) |
| 22:27 | Create | Villager (Male) |
| 22:29 | Build | Farm |
| 22:31 | Build | Farm |
| 22:43 | Create | Steppe Lancer |
| 23:22 | Create | Steppe Lancer |
| 23:44 | Create | Mangonel |
| 24:02 | Create | Villager (Male) |
| 24:03 | Create | Villager (Male) |
| 24:03 | Create | Villager (Male) |
| 24:05 | Create | Steppe Lancer |
| 24:05 | Create | Steppe Lancer |
| 24:06 | Create | Steppe Lancer |
| 24:11 | Create | Villager (Male) |
| 24:19 | Build | Mining Camp |
Match timeline
| 4:19 | I believe I can fly · first_building Barracks |
| 6:05 | NeoPlex_cz · wall_segment Palisade Wall x3 |
| 6:29 | NeoPlex_cz · wall_segment Palisade Wall x3 |
| 6:32 | NeoPlex_cz · wall_segment Palisade Wall x5 |
| 6:45 | NeoPlex_cz · wall_segment Palisade Wall x3 |
| 6:58 | NeoPlex_cz · wall_segment Palisade Wall x1 |
| 7:43 | NeoPlex_cz · wall_segment Palisade Wall x3 |
| 8:23 | I believe I can fly · wall_segment Palisade Wall x6 |
| 8:26 | I believe I can fly · wall_segment Palisade Wall x5 |
| 10:10 | NeoPlex_cz · age_up feudal |
| 10:10 | NeoPlex_cz · wall_segment Palisade Wall x6 |
| 11:01 | I believe I can fly · wall_segment Palisade Wall x7 |
| 11:12 | I believe I can fly · age_up feudal |
| 11:16 | I believe I can fly · first_building Archery Range |
| 12:01 | NeoPlex_cz · first_building Barracks |
| 12:11 | NeoPlex_cz · wall_segment Palisade Wall x1 |
| 12:25 | NeoPlex_cz · wall_segment Palisade Wall x1 |
| 12:29 | NeoPlex_cz · wall_segment Palisade Wall x1 |
| 13:28 | NeoPlex_cz · first_building Stable |
| 13:41 | NeoPlex_cz · wall_segment Palisade Wall x1 |
| 16:06 | I believe I can fly · wall_segment Palisade Wall x1 |
| 16:19 | NeoPlex_cz · wall_segment Palisade Wall x1 |
| 17:17 | I believe I can fly · first_market_buy 100 food |
| 17:18 | I believe I can fly · first_market_sell 100 wood |
| 18:50 | NeoPlex_cz · age_up castle |
| 20:26 | NeoPlex_cz · first_building Siege Workshop |
| 20:36 | I believe I can fly · age_up castle |
| 24:34 | NeoPlex_cz · resign |
[ AI ANALYSIS · 1 CREDIT ]
What really happened in this match?
Wolo.gg analyzes every decision: build order, eco, micro, common mistakes by bracket. Personalized analysis on WhatsApp or Discord in 30 seconds.
Civ guide
Aztecs
Perfil
Jugador #11196174